 Dungeon Crawl Stone Soup version 0.20-a0-1062-g7b787ac (webtiles) character file.

114 Ijustatesigmund the Skirmisher (level 4, 0/38 HPs)
             Began as a Barachi Fighter on Apr 27, 2017.
             Slain by Grinder (3 damage)
             ... while paralysed by Grinder
             ... on level 3 of the Dungeon.
             The game lasted 00:05:26 (2213 turns).

Ijustatesigmund the Skirmisher (Barachi Fighter)    Turns: 2213, Time: 00:05:26

Health: 0/38       AC:  8    Str: 17    XL:     4   Next: 98%
Magic:  4/4        EV:  2    Int: 11    God:
Gold:   85         SH:  0    Dex: 12    Spells: 3/3 levels left

rFire    . . .     SeeInvis .   a - +0 long sword
rCold    . . .     Gourm    +   c - +0 shield
rNeg     . . .     Faith    .   b - +0 scale mail
rPois    +         Spirit   .   g - +0 helmet
rElec    .         Reflect  .   (no cloak)
rCorr    .         Harm     .   (no gloves)
MR       .....     Clarity  +   (no boots)
Stlth    ..........             l - amulet of the gourmand
Regen    0.2/turn               e - ring of poison resistance
MPRegen  0.1/turn               (no ring)

@: paralysed, slow
A: +LOS, swims, clarity, clever 1, slowness 1, strong legs 1
a: Hop


You were on level 3 of the Dungeon.
You were completely stuffed.

You visited 1 branch of the dungeon, and saw 3 of its levels.

You collected 85 gold pieces.

Inventory:

Hand Weapons
 a - a +0 long sword (weapon)
Armour
 b - a +0 scale mail (worn)
 c - a +0 shield (worn)
 g - a +0 helmet (worn)
Jewellery
 e - a ring of poison resistance (left hand)
 l - an amulet of the gourmand (around neck)
Scrolls
 n - a scroll of remove curse
Potions
 d - a potion of magic
 i - 2 potions of heal wounds
 j - 2 potions of lignification
Comestibles
 f - a bread ration
 k - 2 royal jellies
 o - a meat ration


   Skills:
 + Level 4.4 Fighting
 * Level 4.4 Long Blades
 - Level 3.6 Armour
 + Level 2.5 Dodging
 - Level 3.2 Shields


You had 3 spell levels left.
You didn't know any spells.

Dungeon Overview and Level Annotations

Branches:
Dungeon (3/15)

Altars:
Ru

Annotations:
D:3 Grinder


Innate Abilities, Weirdness & Mutations

Shadows flee at your approach. (+LOS)
You can swim through water.
You cover ground slowly.
You can hop short distances.
You possess an exceptional clarity of mind.
Your mind is acute. (Int +2)


Message History

You slash the jackal!
You kill the jackal!
Grinder hits you but does no damage. x2
You block Grinder's attack.
You see here a jackal corpse.
Grinder gestures at you.
You suddenly lose the ability to move!
Grinder hits you! Grinder gestures at you.
You shrug off the repeated paralysis!
Grinder hits you!
You writhe in agony.
Grinder says, "Mostly I couldn't keep them alive."
Grinder hits you.
* * * LOW HITPOINT WARNING * * *
You writhe in agony.
* * * LOW HITPOINT WARNING * * *
Grinder hits you.
* * * LOW HITPOINT WARNING * * *
You writhe in agony.
You die...

# ## ## #.###. .#
....#.## .....
#######.######
###.......5@..!#
#.....###.###...#
##.....###.##........
##..............
.####
.###.............#
.##
..........##....##.#
###.....#......)...#
##...............#
##...##.........#


You could see Grinder.

Vanquished Creatures
  5 adders (D:2)
  A worm (D:2)
  A leopard gecko (D:2)
  2 giant cockroaches
  7 goblins
  11 hobgoblins
  7 jackals
  7 bats
  4 frilled lizards
  7 kobolds
  12 rats
64 creatures vanquished.

Notes
Turn   | Place    | Note
-------+----------+-------------------------------------------
     0 | D:1      | Ijustatesigmund the Barachi Fighter began the quest for the Orb.
     0 | D:1      | Reached XP level 1. HP: 18/18 MP: 1/1
    88 | D:1      | Reached XP level 2. HP: 12/25 MP: 2/2
   341 | D:2      | Reached skill level 1 in Dodging
   811 | D:1      | Reached XP level 3. HP: 29/30 MP: 3/3
  1515 | D:2      | Reached XP level 4. HP: 28/37 MP: 4/4
  1700 | D:2      | Found a sacrificial altar of Ru.
  2161 | D:3      | Gained mutation: Your mind is acute. (Int +2) [potion of mutation]
  2161 | D:3      | Gained mutation: You possess an exceptional clarity of mind. [potion of mutation]
  2186 | D:3      | Noticed Grinder
  2200 | D:3      | Paralysed by Grinder for 5 turns
  2207 | D:3      | Paralysed by Grinder for 7 turns
  2213 | D:3      | Slain by Grinder

Vault maps used:
D:1:      lightli_arrival_chessboard, kennysheep_another_room,
          nrook_mini_vaults, minivault_14
D:2:      nicolae_ru_path_of_blood
D:3:      lemuel_doored_altar, minmay_misc_feat_x, nicolae_gozag_seed_capital,
          uniq_grinder

Skill      XL: |  1  2  3  4 |
---------------+-------------+-----
Dodging        | 1 2 |  2.5
Long Blades    | 3 4 |  4.4
Fighting       | 4 |  4.4
Armour         | |  3.6
Shields        | |  3.2

Action                   |  1- 3 |  4- 6 || total
-------------------------+-------+-------++-------
Melee: Long sword        |   190 |    91 ||   281
 Abil: Hop               |     1 |       ||     1
  Use: Scroll            |     4 |     2 ||     6
       Potion            |     1 |     1 ||     2
  Eat: Chunk             |     3 |    16 ||    19
Armor: Scale mail        |    78 |    64 ||   142
Dodge: Dodged            |    65 |    34 ||    99
Block: Shield            |   114 |    59 ||   173
       Rpst.: Long sword |    22 |    10 ||    32
